 Dungeon Crawl Stone Soup version 0.24.0-29-g8ce449bc06 (webtiles) character file.

Game seed: 15633483421816789824, levelgen mode: deterministic

285 Flugslaktarn the Chopper (level 6, -5/56 HPs)
             Began as a Minotaur Monk on Nov 15, 2019.
             Slain by an ogre
             ... wielding a +0 giant club
              (8 damage)
             ... on level 4 of the Dungeon.
             The game lasted 00:01:27 (3027 turns).

Flugslaktarn the Chopper (Minotaur Monk)            Turns: 3027, Time: 00:01:27

Health: -5/56      AC: 12    Str: 22    XL:     6   Next: 7%
Magic:  5/5        EV:  7    Int:  7    God:
Gold:   152        SH:  0    Dex: 12    Spells: 5/5 levels left

rFire    . . .     SeeInvis .   r - +0 war axe
rCold    . . .     Gourm    .   (no shield)
rNeg     . . .     Faith    .   l - +0 plate armour (curse)
rPois    .         Spirit   .   (helmet restricted)
rElec    .         Reflect  .   (no cloak)
rCorr    .         Harm     .   k - +0 pair of gloves
MR       .....                  (no boots)
Stlth    ..........             (no amulet)
HPRegen  0.18/turn              p - +4 ring of strength
MPRegen  0.09/turn              (no ring)

@: no status effects
A: retaliatory headbutt, horns 2
a: no special abilities


You were on level 4 of the Dungeon.
You were near starving.

You visited 1 branch of the dungeon, and saw 4 of its levels.

You collected 152 gold pieces.

Inventory:

Hand Weapons
 r - a +0 war axe (weapon)
   (You found it on level 2 of the Dungeon)
Armour
 b - a +0 robe
 k - a +0 pair of gloves (worn)
   (You found it on level 1 of the Dungeon)
 l - a cursed +0 plate armour (worn)
   (You found it on level 1 of the Dungeon)
Jewellery
 p - a +4 ring of strength (left hand)
   (You found it on level 2 of the Dungeon)
Scrolls
 a - a scroll of immolation {unknown}
 d - 5 scrolls of identify {unknown}
 g - a scroll of enchant armour {unknown}
 h - a scroll of random uselessness {unknown}
 n - a scroll of teleportation {unknown}
Potions
 c - 2 potions of curing {unknown}
 f - a potion of lignification {unknown}
 i - a potion of ambrosia {unknown}
 j - 2 potions of degeneration {unknown}
 m - a potion of haste {unknown}
 o - 2 potions of berserk rage {unknown}
 q - a potion of mutation {unknown}
Comestibles
 e - 4 rations


   Skills:
 + Level 5.1 Fighting
 * Level 6.3 Axes
 + Level 3.2 Armour
 - Level 3.6 Dodging
 - Level 1.5 Stealth


You had 5 spell levels left.
You didn't know any spells.
Your spell library was empty.

Dungeon Overview and Level Annotations

Branches:
Dungeon (4/15)
 Temple: D:4-7

Altars:
Ashenzari
Zin


Innate Abilities, Weirdness & Mutations

You reflexively headbutt those who attack you in melee.
You have a pair of horns on your head.


Message History

The ogre is lightly wounded.
The ogre hits you with a +0 giant club.
* * * LOW HITPOINT WARNING * * *
You slash the ogre!
The ogre is heavily wounded.
You hit the ogre.
The ogre is heavily wounded.
The ogre hits you with a +0 giant club!
* * * LOW HITPOINT WARNING * * *
You hit the ogre. Your headbutt misses the ogre.
The ogre is severely wounded.
The ogre hits you but does no damage.
Unknown command.
You aren't carrying any items that you can evoke.
Unknown command.
Your plate armour prevents you from hitting the ogre.
You headbutt the ogre.
The ogre is almost dead.
The ogre hits you with a +0 giant club!
You die...

.... ##. ..#.#.# ...#.. .
..#.. .# .. ...####.###.
... .ZZ....... #...##
#O#.....#
....>.###@#.....#
..#...)...#.....##..... .
...)....###.....# .....#.
.........$..##+###......#
..###...................#
>.............######.#.#
.#####.###.#.......#.#.##
................(....
###.#####.###.#..##...


You could see an ogre, a hound skeleton and a bullfrog skeleton.

Vanquished Creatures
  An ogre (D:3)
  An orc wizard (D:3)
  Ijyb (D:4)
  Terence (D:2)
  4 adders
  2 dart slugs
  3 leopard geckos
  9 orcs
  2 ball pythons
  7 bats
  4 giant cockroaches
  4 goblins
  9 hobgoblins
  8 jackals
  6 kobolds
  A quokka (D:4)
  9 frilled lizards
  5 rats
77 creatures vanquished.

Vanquished Creatures (others)
  5 toadstools (D:1)
5 creatures vanquished.

Grand Total: 82 creatures vanquished

Notes
Turn   | Place    | Note
-------+----------+-------------------------------------------
     0 | D:1      | Flugslaktarn the Minotaur Monk began the quest for the Orb.
     0 | D:1      | Reached XP level 1. HP: 19/19 MP: 0/0
    77 | D:1      | Reached XP level 2. HP: 21/27 MP: 1/1
    79 | D:1      | Reached skill level 4 in Axes
   231 | D:1      | Reached skill level 1 in Armour
   737 | D:1      | Reached XP level 3. HP: 30/33 MP: 2/2
  1395 | D:2      | Noticed Terence
  1409 | D:2      | Killed Terence
  1409 | D:2      | Reached XP level 4. HP: 36/40 MP: 3/3
  1968 | D:3      | Reached skill level 5 in Axes
  2008 | D:3      | Reached XP level 5. HP: 47/47 MP: 4/4
  2384 | D:3      | Noticed an ogre
  2390 | D:3      | Killed an ogre
  2390 | D:3      | Reached skill level 5 in Fighting
  2390 | D:3      | Reached skill level 6 in Axes
  2713 | D:3      | Found a glowing silver altar of Zin.
  2798 | D:3      | Found a shattered altar of Ashenzari.
  3010 | D:4      | Noticed Ijyb
  3011 | D:4      | Noticed an ogre
  3022 | D:4      | Killed Ijyb
  3022 | D:4      | Reached XP level 6. HP: 38/56 MP: 5/5
  3025 | D:4      | HP: 2/56 [ogre/+0 giant club (10)]
  3027 | D:4      | Slain by an ogre

Levels and vault maps discovered:
D:1:      ldierk_walled_garden, layout_loops_ring, corexii_hall_statues_t,
          hangedman_glass_teeth
D:2:      layout_basic, uniq_terence
D:3:      layout_basic, zin_treasury, lemuel_coloured_pillars_altar,
          nicolae_overflow_hidden_temple
D:4:      layout_basic, minmay_temple_entry_arrows,
          cheibrodos_sewer_entry_sluice, first_ration, uniq_ijyb

Skill      XL: |  1  2  3  4  5 |
---------------+----------------+-----
Axes           | 4 5 6 |  6.3
Armour         | 1 2 3 |  3.2
Fighting       | 4 5 |  5.1
Dodging        | |  3.6
Stealth        | |  1.5

Action                   |  1- 3 |  4- 6 || total
-------------------------+-------+-------++-------
Melee: Hand axe          |    99 |    11 ||   110
       Headbutt          |    19 |    15 ||    34
       War axe           |       |    82 ||    82
 Stab: Sleeping          |     4 |       ||     4
  Eat: Chunk             |     2 |     3 ||     5
Armor: Robe              |     8 |       ||     8
       Plate armour      |    28 |    72 ||   100
Dodge: Dodged            |    46 |    32 ||    78
